woodfighter, chaotic female orcish Cavewoman G .G. .@. `.. woodfighter the Cave Teen Experience level: 4 Strength: 17 Dexterity: 13 Constitution: 16 Intelligence: 11 Wisdom: 10 Charisma: 8 Health: 0(37) Energy: 12(12) Def: 2 Gold: 109 Moves: 1123 Dungeon seed: YGRPb23Pnk-Ne5am Game ID: woodfighter_1476959708 Your Inventory: Coins $ - 109 gold pieces Weapons a - a +1 club (weapon in hand) b - a +2 sling (alternate weapon; not wielded) Armor n - an uncursed +0 dwarvish cloak q - an uncursed +0 leather armor (being worn) r - a cursed -1 pair of iron shoes y - a cursed -1 dwarvish cloak z - an uncursed +0 pair of iron shoes Comestibles c - an uncursed tripe ration d - 2 uncursed tins of newt meat f - an uncursed lichen corpse g - an uncursed fortune cookie h - an uncursed tin of lichen m - an uncursed food ration Scrolls i - an uncursed scroll of scare monster o - an uncursed scroll of stinking cloud Potions j - an uncursed potion of healing Tools k - an uncursed magic whistle l - a +0 pick-axe Gems e - 10 uncursed flints (in quiver) Spells and supernatural/magical abilities: Name Level Category Fail Memory W - pray for help -- divine ? -- Your skills at the end: Miscellaneous Skills bare handed combat [Basic] Weapon Skills scimitar [Basic] club [Basic] sling [Basic] Spellcasting Skills Final Attributes: You were piously aligned. You were poison resistant. You had infravision. You were very stealthy. You are dead. Vanquished creatures: a dwarf lord 2 gnome lords 2 dwarves a hobbit a gecko 8 gnomes a gnome zombie 7 jackals 2 kobolds 3 newts 2 grid bugs a lichen a kobold zombie 32 creatures vanquished. Voluntary challenges: You did not adorn yourself with jewelry or accessories. You did not cause conflict. You were not invisible. You did not have reflection. You were not displaced. You used a wielded weapon 42 times, starting on turn 51. You did not use containers. You did not apply a unicorn horn. You did not use plumbed fixtures. You did not drink any magical draughts. You were illiterate. You never genocided any monsters. You never polymorphed an object. You never changed form. You used no wishes. You never split a pudding. You never wrote Elbereth's name. You never violated your personal moral code. Dungeon overview: The Dungeons of Doom: levels 1 to 3 Level 1 a sink a long staircase Level 2 stairs to The Gnomish Mines Level 3 The Gnomish Mines: levels 3 to 4 Level 3 stairs to The Dungeons of Doom Level 4 <- You were here History has recorded: On T:1 you entered the Dungeons of Doom to retrieve the Amulet of Yendor! On T:62 you reached level 2 of The Dungeons of Doom. On T:376 you advanced to experience level 2. On T:465 you reached level 1 of The Gnomish Mines. On T:608 you reached level 3 of The Dungeons of Doom. On T:700 you advanced to experience level 3. On T:762 you reached level 2 of The Gnomish Mines. On T:768 you prayed to Anshar. On T:771 you advanced to experience level 4. Score breakdown: Gold: 109 ( 10 points) Experience: 4 levels ( 300 points) Exploration: 4 levels ( 90 points) Discoveries: 6 items ( 300 points) Variety of kills: 13 monsters ( 650 points) Major goal: (nothing yet) ( 0 points) Survival: died (score multiplied by 3) Total score: 4050 Latest messages: You hit the gnome zombie. You destroy the gnome zombie! Nowhere else around here can be automatically explored. Where do you want to travel to? You stop travelling. The hobbit throws a runed dagger! You are hit by a runed dagger! The hobbit punches you! You kill the hobbit! You see here a white gem. Where do you want to travel to? You see here 2 green gems. Where do you want to travel to? The gnome lord thrusts one of his daggers at the cavewoman. The gnome lord stabs you! The gnome punches you! You hit the gnome. You kill the gnome! The gnome lord thrusts one of his daggers at the cavewoman. The gnome lord stabs you! You hit the gnome lord. The gnome lord thrusts one of his daggers at the cavewoman. The gnome lord stabs you! You die... Final status: Goodbye woodfighter the Cavewoman, killed by a gnome lord... You died in The Gnomish Mines on dungeon level 4 with 4050 points, and 109 pieces of gold, after 1123 moves. You were level 4 with a maximum of 37 hit points when you died.